AoeStats
← Sex Machine 24cm

Coastal Forest

510421320Analyzed
2v2 RM · 20h ago on Sep 30, 2026· 52m 50s· 4 players
Game mode
Random Map
Map size
Medium (4 player)
Population
200
Speed
Normal
Resources
Standard
Victory
Conquest
Starting age
Dark Age
Ending age
Imperial Age
RankedLock teamsTeams togetherTeam positionsShared explorationLock speedFull tech treeHidden civsTurbo modeCheats
Victory
Defeat
🇧🇷 Magyars · Brazil
1546
+10
🇧🇷 Britons · Brazil
1445
+14
🇧🇷 Vietnamese · Brazil
1488
-15
🇦🇷 Saxons · Argentina
1328
-9
Alem4Te
8:53 Feudal Age
10:04 Double-Bit Axe
12:32 Loom
13:13 Fletching
26:29 Castle Age
27:25 Crossbowman
28:03 Bodkin Arrow
28:01 Fishing Lines
29:00 Padded Archer Armor
30:57 Ballistics
31:20 Leather Archer Armor
31:30 Gillnets
31:43 Town Watch
32:04 Stone Mining
32:22 Gold Mining
35:24 Town Patrol
36:01 Wheelbarrow
37:23 Wheelbarrow
37:27 Gold Shaft Mining
38:49 Hand Cart
41:10 Imperial Age
41:03 Yeomen
43:12 Chemistry
42:18 Bracer
42:48 Ring Archer Armor
41:44 Arbalester
44:05 Conscription
44:15 Elite Longbowman
47:29 Murder Holes
51:09 Coinage
Fs.Khan op
7:01 Loom
9:10 Feudal Age
13:03 Town Watch
16:32 Double-Bit Axe
24:54 Castle Age
24:40 Scale Barding Armor
25:05 Light Cavalry
31:52 Bow Saw
34:01 Horse Collar
36:54 Chain Barding Armor
39:27 Bloodlines
41:16 Heavy Plow
42:33 Wheelbarrow
47:48 Imperial Age
45:45 Fishing Lines
48:05 Gold Mining
47:58 Hussar
51:26 Plate Barding Armor
50:52 Husbandry
52:57 Coinage
brunoteixeirster
9:42 Feudal Age
13:46 Castle Age
12:15 Double-Bit Axe
14:16 Fletching
14:55 Crossbowman
21:40 Gold Mining
22:33 Padded Archer Armor
23:09 Ballistics
23:15 Bodkin Arrow
26:48 Horse Collar
28:40 Wheelbarrow
32:14 Heavy Plow
34:04 Leather Archer Armor
34:16 Thumb Ring
40:19 Imperial Age
38:25 Hand Cart
38:54 Scale Barding Armor
40:20 Arbalester
41:05 Bracer
42:10 Chemistry
41:59 Chain Barding Armor
41:51 Bloodlines
41:13 Capped Ram
42:49 Ring Archer Armor
43:04 Crop Rotation
43:12 Town Watch
43:13 Loom
43:18 Light Cavalry
47:50 Bow Saw
53:17 Two-Man Saw
Sex Machine 24cm
6:28 Loom
9:08 Feudal Age
9:44 Man-at-Arms
15:17 Double-Bit Axe
16:52 Horse Collar
25:23 Castle Age
26:21 Bow Saw
29:40 Pikeman
30:36 Scale Mail Armor
31:38 Wheelbarrow
38:06 Gold Mining
38:53 Chain Mail Armor
38:55 Heavy Plow
42:27 Forging
42:55 Gold Shaft Mining
45:26 Imperial Age
46:13 Hand Cart
45:31 Shield Wall
46:43 Plate Mail Armor
46:25 Forging
48:02 Conscription
50:09 Capped Ram
52:35 Squires
52:20 Arson
Connection lost

Rejoining the realm…

Still unreachable

The connection could not be restored.

Session expired

The server has moved on; the page needs a fresh start.